 Dungeon Crawl Stone Soup version 0.30-a0-23-ge60ba3568b (webtiles) character file.

Game seed: 13873725119296678871

233 Sobieck the Sneak (level 6, 0/32 HPs)
             Began as a Vine Stalker Brigand on Aug 25, 2022.
             Was an Initiate of Wu Jian.
             Succumbed to a scorpion's poison
             ... on level 4 of the Dungeon.
             The game lasted 00:06:31 (2933 turns).

Sobieck the Sneak (Vine Stalker Brigand)            Turns: 2933, Time: 00:06:32

Health: 0/32       AC:  5    Str: 18    XL:     6   Next: 5%
Magic:  3/7        EV: 12    Int: 11    God:    Wu Jian [......]
Gold:   194        SH:  0    Dex: 17    Spells: 5/5 levels left

rFire   . . .      SeeInvis .    a - +3 dagger {short}
rCold   . . .      Faith    .    (no shield)
rNeg    . . .      Spirit   +    u - +1 leather armour of Catoheel {Str+4}
rPois   .          Reflect  .    (no helmet)
rElec   .          Harm     .    c - +0 cloak
rCorr   .          Rampage  .    (no gloves)
Will    .....                    (no boots)
Stlth   +++.......               (no amulet)
HPRegen 0.90/turn                (no ring)
MPRegen 0.10/turn                (no ring)

@: lethally poisoned (0 -> -15)
A: fangs 2, regeneration 1, magic shield, antimagic bite, no potion heal 2
a: Renounce Religion


You were on level 4 of the Dungeon.
You worshipped Wu Jian.
Wu Jian was noncommittal.
You visited 2 branches of the dungeon, and saw 5 of its levels.

You collected 194 gold pieces.


Innate Abilities, Weirdness & Mutations

You have extremely sharp teeth.
Your natural rate of healing is unusually fast.
When hurt, damage is shared between your health and your magic reserves.
Your bite disrupts and absorbs the magic of your enemies.
Potions cannot restore your health.


   Skills:
 + Level 2.9 Fighting
 * Level 3.8 Short Blades
 - Level 1.7 Throwing
 - Level 2.0 Dodging
 + Level 5.9 Stealth


You had 5 spell levels left.
You didn't know any spells.
Your spell library contained the following spells:

 Spells                   Type           Power      Damage    Failure   Level
 Beastly Appendage        Tmut           0%         N/A       38%         1
 Slow                     Hex            0%         N/A       38%         1
 Wereblood                Tmut           0%         N/A       54%         2
 Confusing Touch          Hex            0%         N/A       77%         3
 Spider Form              Tmut/Pois      0%         N/A       77%         3
 Vampiric Draining        Necr           0%         2d6       77%         3
 Conjure Ball Lightning   Conj/Air       0%         3x3d6     100%        6
 Discord                  Hex            0%         N/A       100%        8
 Disjunction              Tloc           0%         N/A       100%        8

Inventory:

Hand Weapons
 a - a +3 dagger (weapon) {short}
 k - a +2 short sword of protection {short}
   (You took it off a kobold on level 4 of the Dungeon)
 p - a +2 vampiric whip {mace}
   (You found it on level 1 of the Dungeon)
 q - a +0 short sword {short}
   (You took it off a kobold on level 1 of the Dungeon)
 t - a +0 sling
   (You took it off a goblin on level 4 of the Dungeon)
 B - a +2 whip of electrocution {mace}
   (You took it off a gnoll on level 3 of the Dungeon)
Missiles
 d - 9 poisoned darts (quivered) {throwing}
 e - 3 curare-tipped darts {=fthrowing}
 g - 47 stones {throwing}
Armour
 b - a +0 robe
 c - a +0 cloak (worn)
 h - a +0 ring mail
   (You found it on level 1 of the Dungeon)
 i - a +0 ring mail
   (You took it off an orc on level 4 of the Dungeon)
 l - a +0 ring mail
   (You found it on level 1 of the Dungeon)
 u - the +1 leather armour of Catoheel (worn) {Str+4}
   (You found it on level 2 of the Dungeon)

   Str:       It affects your strength (+4).
 z - a scarf of repulsion
   (You found it on level 3 of the Dungeon)
 A - a +0 robe
   (You found it on level 3 of the Dungeon)
Magical Staves
 j - a staff of death {!astaff}
   (You found it on level 1 of the Dungeon)
Scrolls
 m - a scroll of fear {unknown}
Potions
 f - a potion of lignification {unknown}
 n - 2 potions of curing {@q1}
 o - a potion of haste {unknown}
 r - a potion of mutation {unknown}
 s - a potion of magic {unknown}
 v - a potion of might {unknown}
 C - 2 potions of flight
 D - a potion of ambrosia {unknown}

Dungeon Overview and Level Annotations

Branches:
Dungeon (4/15) Zot: 21100  Temple (1/1) D:4 Zot: 5981

Altars:
Cheibriados
Dithmenos
Hepliaklqana
Makhleb
Okawaru
Sif Muna
Trog
Uskayaw
Vehumet
Wu Jian
Yredelemnul
Zin

......##...##..#..............##
.....##...#....#...............#
.....#..####...###............##
................#..#....#.....#
........ #.........##...#..>....
.........#.........#.............
#.............bbb...............#
#....... ..#...b####.####.....##
#..b@####### ##..## #..gsb......
. #..Kbbbbb...## . #...........#
..............# ...h..........#
#............$# .#.............#
...............


You could see a scorpion (ally target), a howler monkey, a hobgoblin (ally
target) and a kobold.


Message History

You hit the adder. The adder bites you but does no damage.
You hit the adder. Your punch misses the adder.
You bite the adder, but do no damage. The adder bites you.
You are poisoned.
The adder poisons you!
You hit the adder.
You kill the adder!
You feel sick.
No target in view!
Unknown command.
You feel sick.
You feel sick.
You feel sick.
You feel sick.
You are no longer poisoned.
m - a scroll labelled MEIHEB FYME The goblin shouts!
The goblin unwields a +0 dagger.
The goblin wields a +0 sling.
The goblin shoots a sling bullet.
The sling bullet closely misses you.
Danger!
The goblin shoots a sling bullet.
The sling bullet hits you.
The goblin shoots a sling bullet.
The sling bullet barely misses you.
The goblin unwields a +0 sling.
The goblin wields a +0 dagger.
The goblin misses you.
You hit the goblin.
You kill the goblin!
No target in view!
Unknown command.
g - 47 stones {throwing} (gained 5);
s - a smoky white potion You now have 194 gold pieces (gained 6).
There is a staircase to the Ecumenical Temple here.
Things that are here:
a +0 dagger {short}; a +0 sling; a goblin corpse
t - a +0 sling You climb downwards.
Welcome to the Ecumenical Temple!
Found eleven altars.
There is a staircase back to the Dungeon here.
Unknown command.
There is a hide-covered altar of Uskayaw here.
You kneel at the altar of Uskayaw.
Unknown command.
Press < or > to pray at altars.
There is a staircase back to the Dungeon here.
There is an ornate altar of the Wu Jian Council here.
Unknown command.
Press < or > to pray at altars.
You kneel at the altar of Wu Jian.
The Council welcomes you!
You can now perform damaging attacks by moving towards foes.
There is a staircase back to the Dungeon here.
You climb upwards.
Welcome back to the Dungeon!
There is a staircase to the Ecumenical Temple here.
Things that are here:
a +0 dagger {short}; a goblin corpse Unknown command.
You see here 7 stones {throwing}.
A scorpion is nearby!
Danger!
Found a stone staircase leading down.
A hobgoblin comes into view.
The hobgoblin shouts!
A kobold comes into view. It is wielding a +0 short sword.
The kobold shouts!
You hit the scorpion.
You bite the scorpion, but do no damage.
The scorpion completely misses you.
You hit the scorpion. Your bite misses the scorpion. The scorpion stings you.
You hit the scorpion but do no damage.
You bite the scorpion, but do no damage.
The scorpion stings you.
You are poisoned.
The scorpion poisons you!
You feel very sick.
A howler monkey comes into view.
The hobgoblin hits you but does no damage.
The scorpion closely misses you.
Unknown command.
The howler monkey howls!
You hit the scorpion.
You feel sick.
The kobold throws a stone.
The stone misses you. The hobgoblin misses you. The scorpion stings you.
You are more poisoned.
The scorpion poisons you!
You barely miss the scorpion.
You bite the scorpion, but do no damage.
You feel very sick.
The howler monkey hoots and howls with incredible vigour!
The scorpion stings you!
* * * LOW HITPOINT WARNING * * *
You are lethally poisoned!
The scorpion poisons you!
The kobold throws a stone.
The stone misses you. The hobgoblin hits you.
* * * LOW HITPOINT WARNING * * *
You hear a howl!
The scorpion attacks as you move away! The scorpion misses you.
* * * LOW HITPOINT WARNING * * *
You feel extremely sick.
The kobold throws a stone.
The stone closely misses you.
Unknown command.
As you read the scroll of butterflies, it crumbles to dust.
You hear the tinkle of a tiny bell.
You die...

Skill      XL: |  1  2  3  4  5 |
---------------+----------------+-----
Short Blades   | 2 3 |  3.8
Dodging        | 1 2 |  2.0
Stealth        | 5 |  5.9
Fighting       | 2 |  2.9
Throwing       | |  1.7

Action                   |  1- 3 |  4- 6 || total
-------------------------+-------+-------++-------
Melee: Dagger            |    94 |   101 ||   195
       Bite              |    20 |    27 ||    47
       Punch             |     2 |       ||     2
Throw: Dart              |       |     3 ||     3
  Use: Scroll            |       |    11 ||    11
 Stab: Sleeping          |    10 |     7 ||    17
Armor: Robe              |    11 |       ||    11
       Leather armour    |     6 |    31 ||    37
Dodge: Dodged            |    62 |    58 ||   120

Levels and vault maps discovered:
D:1:      ncdulo_watergridlock, layout_rooms,
          shapermc_ecumenical_altar_hornbeckon
D:2:      layout_loops_ring
D:3:      layout_basic, lemuel_doored_altar, due_unseen_surprise
D:4:      layout_cave_pools, minmay_temple_entry_large_hall
Temple:   minmay_freezing_vapour_temple

Notes
Turn   | Place    | Note
-------+----------+-------------------------------------------
     0 | D:1      | Sobieck the Vine Stalker Brigand began the quest for the
                  | Orb.
     0 | D:1      | Reached XP level 1. HP: 11/11 MP: 2/2
    39 | D:1      | Reached skill level 2 in Short Blades
    62 | D:1      | Reached skill level 1 in Dodging
    62 | D:1      | Reached XP level 2. HP: 15/15 MP: 3/3
    94 | D:1      | Reached skill level 5 in Stealth
   149 | D:1      | Found a faded altar of an unknown god.
   192 | D:1      | Reached skill level 2 in Fighting
   495 | D:1      | Reached XP level 3. HP: 13/18 MP: 4/4
  1008 | D:2      | Identified the +1 leather armour of Catoheel {Str+4}
  1044 | D:2      | Gained mutation: Your natural rate of healing is unusually
                  | fast. [Vine Stalker growth]
  1044 | D:2      | Reached XP level 4. HP: 18/23 MP: 5/5
  1629 | D:2      | You pick up a book of Chaos and begin reading...
  1629 | D:2      | You add the spells Conjure Ball Lightning, Disjunction and
                  | Discord to your library.
  1728 | D:3      | You pick up a book of Changes and begin reading...
  1728 | D:3      | You add the spells Beastly Appendage, Wereblood and Spider
                  | Form to your library.
  1802 | D:3      | Reached skill level 3 in Short Blades
  2038 | D:3      | Reached XP level 5. HP: 23/27 MP: 4/6
  2189 | D:3      | Found a snail-covered altar of Cheibriados.
  2730 | D:4      | You pick up a book of Debilitation and begin reading...
  2730 | D:4      | You add the spells Slow, Vampiric Draining and Confusing
                  | Touch to your library.
  2745 | D:4      | Noticed a black bear
  2747 | D:4      | Found a staircase to the Ecumenical Temple.
  2782 | D:4      | Killed a black bear
  2783 | D:4      | Reached skill level 2 in Dodging
  2789 | D:4      | HP: 7/28 [orc/+0 hand axe (2)]
  2791 | D:4      | Reached XP level 6. HP: 9/32 MP: 2/7
  2887 | Temple   | Entered the Ecumenical Temple
  2900 | Temple   | Became a worshipper of the Wu Jian Council
  2932 | D:4      | HP: 4/32 [poisoned by a scorpion]
  2933 | D:4      | Succumbed to a scorpion's poison

Vanquished Creatures
  A black bear (D:4)
  3 gnolls (D:3)
  4 adders
  A dart slug (D:3)
  An orc (D:4)
  4 ball pythons
  3 endoplasms
  4 giant cockroaches
  7 goblins
  9 hobgoblins
  2 jackals (D:1)
  9 kobolds
  4 quokkas
  5 bats
  2 frilled lizards (D:2)
  7 rats
66 creatures vanquished.

Table legend:
 A = Non-vault XP
 B = Vault XP
 C = Vault XP percentage of total XP
 D = Non-vault monster count
 E = Vault monster count
 F = Vault count percentage of total count
                 A         B        C        D         E       F
            +---------+---------+-------+---------+---------+-------
      Total |     334 |       0 |   0.0 |      66 |       0 |   0.0
            +---------+---------+-------+---------+---------+-------
        D:1 |      47 |       0 |   0.0 |      26 |       0 |   0.0
        D:2 |      57 |       0 |   0.0 |      21 |       0 |   0.0
        D:3 |      72 |       0 |   0.0 |      12 |       0 |   0.0
        D:4 |     158 |       0 |   0.0 |       7 |       0 |   0.0
            +---------+---------+-------+---------+---------+-------

Illustrated notes

Table legend:
 A = Kills in this place as a percentage of kills in entire the game.
 B = Kills by you in this place as a percentage of kills by you in the entire game.
 C = Kills by friends in this place as a percentage of kills by friends in the entire game.
 D = Other kills in this place as a percentage of other kills in the entire game.
 E = Experience gained in this place as a percentage of experience gained in the entire game.
 F = Experience gained in this place divided by the number of levels of this place that you have seen.
                   A       B       C       D       E      F
               +-------+-------+-------+-------+-------+----------------------
         Total | 100.0 | 100.0 |   N/A |   N/A | 100.0 |  66.8
       Dungeon | 100.0 | 100.0 |   N/A |   N/A | 100.0 |  83.5
               +-------+-------+-------+-------+-------+----------------------

Table legend: (Time is in decaauts)
 A = Elapsed time spent in this place.
 B = Non-inter-level travel time spent in this place.
 C = Inter-level travel time spent in this place.
 D = Time resting spent in this place.
 E = Time spent auto-exploring this place.
 F = Levels seen in this place.
 G = Mean time per level.
                   A        B        C        D        E       F      G
               +--------+--------+--------+--------+--------+-----+--------+
         Total |   2918 |   2813 |    105 |    140 |   2080 |   5 |  583.6 |
       Dungeon |   2899 |   2794 |    105 |    140 |   2080 |   4 |  724.8 |
        Temple |     18 |     18 |      0 |      0 |      0 |   1 |   18.0 |
               +--------+--------+--------+--------+--------+-----+--------+

Top non-repeatable levels by time:
     D:3: 981 daAuts
     D:1: 896 daAuts
     D:2: 753 daAuts
     D:4: 267 daAuts
  Temple: 18 daAuts
